 Dungeon Crawl Stone Soup version 0.23.2-1-ga50397a6bc (webtiles) character file.

Game seed: 8027889414763911279

62 Gargoyl the Skirmisher (level 3, 0/31 HPs)
             Began as a Centaur Abyssal Knight on May 6, 2019.
             Was a Believer of Lugonu.
             Slain by a worm (7 damage)
             ... on level 2 of the Dungeon.
             The game lasted 00:02:17 (1736 turns).

Gargoyl the Skirmisher (Centaur Abyssal Knight)     Turns: 1736, Time: 00:02:18

Health: 0/31       AC:  8    Str: 14    XL:     3   Next: 85%
Magic:  4/4        EV:  2    Int: 11    God:    Lugonu [**....]
Gold:   91         SH:  0    Dex:  9    Spells: 2/2 levels left

rFire    . . .     SeeInvis .   a - +1 hand axe
rCold    . . .     Gourm    .   (no shield)
rNeg     . . .     Faith    .   g - +0 plate armour
rPois    .         Spirit   .   (no helmet)
rElec    .         Reflect  .   (no cloak)
rCorr    .         Harm     .   (no gloves)
MR       .....                  (no barding)
Stlth    ..........             (no amulet)
HPRegen  0.10/turn              (no ring)
MPRegen  0.09/turn              (no ring)

@: very quick
A: large, hooves 3, deformed body, speed 2, tough skin 3
a: Depart the Abyss, Bend Space, Renounce Religion


You were on level 2 of the Dungeon.
You worshipped Lugonu.
Lugonu was pleased with you.
You were hungry.

You visited 1 branch of the dungeon, and saw 2 of its levels.
You visited the Abyss 1 time.

You collected 91 gold pieces.

Inventory:

Hand Weapons
 a - a +1 hand axe (weapon)
Armour
 g - a +0 plate armour (worn)
Scrolls
 e - a scroll of identify
Potions
 b - a potion of heal wounds
 d - a potion of curing
 f - a potion of cancellation {unknown}
 h - a potion of berserk rage {unknown}
Comestibles
 c - 3 rations


   Skills:
 + Level 3.4 Fighting
 + Level 2.3 Axes
 * Level 2.0 Armour
 * Level 1.1 Dodging
 * Level 2.3 Invocations


You had 2 spell levels left.
You didn't know any spells.
Your spell library was empty.

Dungeon Overview and Level Annotations

Branches:
Dungeon (2/15)

Altars:


Innate Abilities, Weirdness & Mutations

You have hooves in place of feet.
Armour fits poorly on your strangely shaped body.
You cover ground very quickly.
You have extremely tough skin. (AC +3)


Message History

You see here a stone.
You see here 17 gold pieces.
You now have 91 gold pieces (gained 17).
You see here a stone.
You see here a stone.
The worm bites you but does no damage.
Your plate armour prevents you from hitting the worm.
You hit the worm. Your kick misses the worm.
The worm is lightly wounded.
The worm bites you.
You hit the worm. You kick the worm, but do no damage.
The worm is lightly wounded.
The worm bites you.
* * * LOW HITPOINT WARNING * * *
Your plate armour prevents you from hitting the worm.
The worm is lightly wounded.
You barely miss the worm. You kick the worm, but do no damage.
The worm is lightly wounded.
The worm bites you!
You die...

# #. #.####
#...# #.##.#
#.# #.###(###.#
#....(....#
#####@##..# #w#
.... #.# ...
#######)###.##.
...............
########.##.##>
.# .# .#


You could see a worm.

Vanquished Creatures
  An adder (D:2)
  3 oozes
  A worm (D:2)
  3 dart slugs (D:1)
  A leopard gecko (D:1)
  5 bats (D:1)
  2 giant cockroaches (D:1)
  A goblin (D:1)
  4 hobgoblins
  5 kobolds
  A frilled lizard (D:1)
  3 rats (D:1)
30 creatures vanquished.

Notes
Turn   | Place    | Note
-------+----------+-------------------------------------------
     0 | Abyss:1  | Gargoyl the Centaur Abyssal Knight began the quest for the
                  | Orb.
     0 | Abyss:1  | Reached XP level 1. HP: 19/19 MP: 2/2
   139 | Abyss:1  | Noticed a shadow
   154 | Abyss:1  | Noticed an orange demon
   173 | Abyss:1  | Found a corrupted altar of Lugonu.
   180 | Abyss:1  | Noticed a wraith
   186 | Abyss:1  | Noticed an orange demon
   201 | Abyss:2  | Found a corrupted altar of Lugonu.
   247 | Abyss:2  | Noticed a large abomination
   250 | Abyss:2  | Noticed a naga mage
   251 | Abyss:2  | Noticed a guardian serpent
   251 | Abyss:2  | Noticed a naga
   252 | Abyss:2  | Noticed a naga
   266 | D:1      | Escaped the Abyss
   621 | D:1      | Reached * piety under Lugonu
   713 | D:1      | Reached XP level 2. HP: 24/26 MP: 3/3
   825 | D:1      | Reached skill level 1 in Dodging
   968 | D:1      | Reached XP level 3. HP: 25/31 MP: 4/4
  1720 | D:2      | Reached ** piety under Lugonu
  1736 | D:2      | Slain by a worm

Skill      XL: |  1  2  3 |
---------------+----------+-----
Dodging        | 1 |  1.1
Axes           | 2 |  2.3
Armour         | 2 |  2.0
Fighting       | |  3.4
Invocations    | |  2.3

Action                   || total
-------------------------++-------
Melee: Hand axe          ||   108
       Kick              ||    20
Invok: Depart the Abyss  ||     1
  Use: Scroll            ||     4
       Potion            ||     2
  Eat: Chunk             ||     1
Armor: Chain mail        ||    45
       Leather armour    ||     1
       Plate armour      ||    50
Dodge: Dodged            ||    14
